[Event "ICC tourney 3160 (40 10)"]
[Site "Internet Chess Club"]
[Date "2023.04.01"]
[Round "1"]
[White "TJIPTO, GAVIN:akudakudaku"]
[Black "Chiappetta, Graydon:loopy"]
[Result "1-0"]
[ICCResult "Black checkmated"]
[WhiteElo "1362"]
[BlackElo "760"]
[Opening "Hungarian defense"]
[ECO "C50"]
[NIC "IG.03"]
[Time "11:02:05"]
[PlyCount "53"]
[TimeControl "2400+10"]

1. e4 e5 2. Nf3 Nc6 3. Bc4 Be7 4. Nc3 Nf6 5. d3 O-O 6. O-O d6 7. h3 Bd7 8.
Re1 Qc8 9. Be3 a6 10. Nd5 b5 11. Bb3 a5 12. a4 b4 13. c3 bxc3 14. bxc3 Bxh3
15. gxh3 Qxh3 16. Ng5 Qd7 17. Nxf6+ Bxf6 18. Qh5 h6 19. Nf3 Rab8 20. Rab1
Rbd8 21. Bxh6 gxh6 22. Qg6+ Bg7 23. Kh2 Ne7 24. Qg3 Kh8 25. Rg1 Ng6 26. Nh4
Nxh4 27. Qxg7# {Black checkmated} 1-0

[Event "ICC tourney 3160 (40 10)"]
[Site "Internet Chess Club"]
[Date "2023.04.01"]
[Round "1"]
[White "Anderson, Brian L.:BrianTN"]
[Black "STONE, GILBERT L:tightfist"]
[Result "0-1"]
[ICCResult "White resigns"]
[WhiteElo "801"]
[BlackElo "1400"]
[Opening "Sicilian defense"]
[ECO "B40"]
[NIC "FR.01"]
[Time "11:01:40"]
[PlyCount "52"]
[TimeControl "2400+10"]

1. e4 e6 2. Nf3 c5 3. Nc3 d5 4. exd5 exd5 5. d4 c4 6. Be2 Nf6 7. O-O Be7 8.
Re1 O-O 9. Bg5 Be6 10. b3 cxb3 11. axb3 Bb4 12. Bd2 Nc6 13. Bb5 a6 14. Bxc6
bxc6 15. Ne5 Qc7 16. Ra4 a5 17. Na2 Bxd2 18. Qxd2 c5 19. dxc5 Qxc5 20. b4
axb4 21. Rxa8 Rxa8 22. Qxb4 Qxc2 23. Nc3 Rc8 24. Rb1 Rxc3 25. Qb8+ Rc8 26.
Qb6 Qc1+ {White resigns} 0-1

[Event "ICC tourney 3160 (40 10)"]
[Site "Internet Chess Club"]
[Date "2023.04.01"]
[Round "1"]
[White "THAPER, RISHUBH:MajorKey"]
[Black "yacob, bishoy:bishoy3297"]
[Result "0-1"]
[ICCResult "White resigns"]
[WhiteElo "1420"]
[BlackElo "1034"]
[Opening "King's Indian: Four pawns attack"]
[ECO "E76"]
[NIC "KI.31"]
[Time "11:04:08"]
[PlyCount "56"]
[TimeControl "2400+10"]

1. d4 Nf6 2. c4 g6 3. Nc3 Bg7 4. e4 d6 5. f4 Nbd7 6. Nf3 O-O 7. Be2 e5 8.
fxe5 dxe5 9. d5 Re8 10. O-O Nc5 11. Qc2 a5 12. Be3 b6 13. Bxc5 bxc5 14. Rad1
Bh6 15. h3 Be3+ 16. Kh2 Nh5 17. Nb5 Bf4+ 18. Kg1 Ng3 19. Rfe1 f5 20. d6 c6
21. Nc7 Ra7 22. Bd3 Rf8 23. exf5 Nxf5 24. Qf2 Nxd6 25. Qxc5 Qxc7 26. Bxg6
Nf5 27. Bxf5 Rxf5 28. Rd6 e4 {White resigns} 0-1

[Event "ICC tourney 3160 (40 10)"]
[Site "Internet Chess Club"]
[Date "2023.04.01"]
[Round "2"]
[White "Anderson, Brian L.:BrianTN"]
[Black "THAPER, RISHUBH:MajorKey"]
[Result "0-1"]
[ICCResult "White resigns"]
[WhiteElo "801"]
[BlackElo "1420"]
[Opening "Caro-Kann defense"]
[ECO "B10"]
[NIC "CK.01"]
[Time "13:15:06"]
[PlyCount "74"]
[TimeControl "2400+10"]

1. e4 c6 2. Nf3 d5 3. exd5 cxd5 4. d4 Nc6 5. Bb5 Bg4 6. h3 Bxf3 7. Qxf3 e6
8. Nc3 Bd6 9. Bf4 Bxf4 10. Qxf4 Nf6 11. O-O O-O 12. Rfe1 Qb6 13. Bxc6 bxc6
14. Na4 Qb4 15. Nc5 Rfd8 16. Nxe6 fxe6 17. Rxe6 Re8 18. Rxe8+ Rxe8 19. Qc1
Qxd4 20. c3 Qc5 21. Qc2 Qb5 22. a4 Qe2 23. Qxe2 Rxe2 24. b4 Ne4 25. f3 Nxc3
26. Kf1 Ra2 27. Rxa2 Nxa2 28. b5 cxb5 29. axb5 Nc3 30. Ke1 Nxb5 31. Kd2 Kf7
32. Kd3 Ke6 33. g4 a5 34. Kc2 a4 35. Kb2 d4 36. Kc2 a3 37. Kb3 d3
{White resigns}
0-1

[Event "ICC tourney 3160 (40 10)"]
[Site "Internet Chess Club"]
[Date "2023.04.01"]
[Round "2"]
[White "Merkh, Daniel:danielmerkh"]
[Black "LIN, CARL:K01-17110834"]
[Result "0-1"]
[ICCResult "White resigns"]
[WhiteElo "924"]
[BlackElo "1228"]
[Opening "Ruy Lopez: exchange variation"]
[ECO "C68"]
[NIC "RL.08"]
[Time "13:15:08"]
[PlyCount "112"]
[TimeControl "2400+10"]

1. e4 e5 2. Nf3 Nc6 3. Bb5 a6 4. Bxc6 dxc6 5. h3 Bd6 6. O-O Nf6 7. Nc3 O-O
8. d4 exd4 9. Nxd4 Be5 10. Be3 Bxd4 11. Qxd4 Be6 12. Rad1 Qxd4 13. Rxd4 Rad8
14. Rfd1 Rxd4 15. Rxd4 h6 16. e5 Nd5 17. Nxd5 Bxd5 18. c4 Be6 19. f4 h5 20.
h4 Kh7 21. Kf2 Kg6 22. a4 Rb8 23. b4 b6 24. c5 a5 25. bxa5 bxc5 26. Rd1 Ra8
27. Bxc5 Rxa5 28. Be3 Rxa4 29. Rg1 Ra2+ 30. Kg3 Rc2 31. Rf1 c5 32. Kf3 Bd5+
33. Kg3 Rxg2+ 34. Kh3 Rc2 35. Rg1+ Kh7 36. f5 Rc3 37. Re1 c4 38. Kh2 Rc2+
39. Kg1 Rg2+ 40. Kf1 Rg3 41. Kf2 Rf3+ 42. Ke2 Rxf5 43. Bd4 Rf4 44. Ke3 Re4+
45. Kd2 Rxd4+ 46. Kc3 Rxh4 47. Rd1 Rh3+ 48. Kb4 Be6 49. Rc1 c3 50. Ka3 c2+
51. Kb4 Bf5 52. Kc5 Rh2 53. Kc6 Rd2 54. Kxc7 Rd1 55. Rxc2 Bxc2 56. Kc6 h4
{White resigns}
0-1

[Event "ICC tourney 3160 (40 10)"]
[Site "Internet Chess Club"]
[Date "2023.04.01"]
[Round "2"]
[White "yacob, bishoy:bishoy3297"]
[Black "TJIPTO, GAVIN:akudakudaku"]
[Result "0-1"]
[ICCResult "White checkmated"]
[WhiteElo "1034"]
[BlackElo "1362"]
[Opening "Ruy Lopez: Berlin defense, Beverwijk variation"]
[ECO "C65"]
[NIC "RL.07"]
[Time "13:15:08"]
[PlyCount "122"]
[TimeControl "2400+10"]

1. e4 e5 2. Nf3 Nc6 3. Bb5 Nf6 4. O-O Bc5 5. c3 a6 6. Ba4 O-O 7. d4 exd4 8.
cxd4 Ba7 9. Nc3 d5 10. e5 Ne4 11. Re1 Bf5 12. Bc2 Re8 13. Bxe4 dxe4 14. Nxe4
Nxd4 15. Bf4 Ne6 16. Qxd8 Raxd8 17. Ng3 Nxf4 18. Nxf5 Nd3 19. Re2 Bc5 20.
Ng3 h6 21. Nf1 Nf4 22. Re4 Ng6 23. N1d2 Nxe5 24. Rxe5 Rxe5 25. Nxe5 Rxd2 26.
Ng4 Rxb2 27. g3 Bb6 28. a4 a5 29. Kf1 h5 30. Ne3 Bxe3 31. fxe3 Rxh2 32. Kg1
Re2 33. Ra3 c5 34. Kf1 Rb2 35. Rc3 b6 36. e4 Rb4 37. e5 Rxa4 38. Rb3 Rb4 39.
Rd3 c4 40. Rd8+ Kh7 41. Rd7 Rb5 42. Rxf7 Rxe5 43. Rc7 b5 44. Rb7 a4 45. Kf2
a3 46. Ra7 b4 47. Ra4 c3 48. Rxb4 c2 49. Rc4 a2 50. Rxc2 a1=Q 51. Re2 Rxe2+
52. Kxe2 Qf6 53. Ke1 g5 54. Ke2 h4 55. gxh4 gxh4 56. Ke1 Qf3 57. Kd2 h3 58.
Kc2 Qe3 59. Kd1 Qf2 60. Kc1 h2 61. Kb1 h1=R# {White checkmated} 0-1

[Event "ICC tourney 3160 (40 10)"]
[Site "Internet Chess Club"]
[Date "2023.04.01"]
[Round "2"]
[White "STONE, GILBERT L:tightfist"]
[Black "BHOSALE, ARNAV:avbhosale"]
[Result "0-1"]
[ICCResult "White resigns"]
[WhiteElo "1400"]
[BlackElo "1315"]
[Opening "English opening: Agincourt variation"]
[ECO "A13"]
[NIC "QP.09"]
[Time "13:15:15"]
[PlyCount "108"]
[TimeControl "2400+10"]

1. Nf3 d5 2. c4 e6 3. e3 Nf6 4. Nc3 c5 5. b3 Nc6 6. Be2 Be7 7. O-O O-O 8. d4
cxd4 9. exd4 dxc4 10. bxc4 Bb4 11. Bb2 Qe7 12. Qc2 Rd8 13. a3 Bxc3 14. Bxc3
b6 15. Rfd1 Bb7 16. Ne5 Nxe5 17. Bb4 Qc7 18. dxe5 Qxe5 19. Bc3 Qe4 20. Qxe4
Nxe4 21. Be1 a5 22. Bf3 Nc5 23. Bxb7 Nxb7 24. Rab1 Rxd1 25. Rxd1 Rd8 26.
Rxd8+ Nxd8 27. c5 bxc5 28. Bxa5 Nc6 29. Bc3 Kf8 30. Kf1 f6 31. Ke2 Ke7 32.
Ke3 Kd6 33. f4 e5 34. fxe5+ Nxe5 35. Bxe5+ fxe5 36. Ke4 c4 37. g3 h5 38. h3
Kc5 39. Ke3 g5 40. Ke4 g4 41. h4 Kb5 42. Ke3 Ka4 43. Kd2 e4 44. Kc3 e3 45.
Kc2 Kxa3 46. Kc3 Ka4 47. Kc2 Kb5 48. Kc3 Kc5 49. Kc2 Kd4 50. Kc1 Kd3 51. Kd1
c3 52. Ke1 c2 53. Kf1 c1=Q+ 54. Kg2 e2 {White resigns} 0-1

[Event "ICC tourney 3160 (40 10)"]
[Site "Internet Chess Club"]
[Date "2023.04.01"]
[Round "2"]
[White "Yellemraju, Koushya:KoushyaYChess"]
[Black "Li, Marissa:meichen"]
[Result "1-0"]
[ICCResult "Black resigns"]
[WhiteElo "871"]
[BlackElo "932"]
[Opening "Queen's pawn, Mason variation"]
[ECO "D00"]
[NIC "QP.08"]
[Time "13:44:45"]
[PlyCount "95"]
[TimeControl "2400+10"]

1. d4 d5 2. Bf4 Nf6 3. e3 e6 4. c3 c5 5. Nd2 cxd4 6. cxd4 Nc6 7. Ngf3 Be7 8.
Bd3 O-O 9. Rc1 Bd7 10. Bb1 Qb6 11. Qc2 g6 12. O-O Rac8 13. Qb3 Qxb3 14. Nxb3
Rfe8 15. Bd3 a6 16. Rc3 Bb4 17. Rcc1 Na5 18. Nxa5 Bxa5 19. Bg5 Kg7 20. Ne5
Bc6 21. Bxf6+ Kxf6 22. Nxc6 Rxc6 23. Rxc6 bxc6 24. Bxa6 Rb8 25. b3 Bb4 26.
Ra1 Rb6 27. Bd3 e5 28. dxe5+ Kxe5 29. Rc1 c5 30. g3 f5 31. Kg2 h6 32. Rc2 g5
33. f4+ gxf4 34. exf4+ Kf6 35. Re2 d4 36. Re5 Kf7 37. Rxf5+ Ke6 38. Re5+ Kd7
39. Bf5+ Kc7 40. Re7+ Kd8 41. Re5 Rd6 42. Bd3 Kc7 43. Kf3 Kb6 44. f5 Ka5 45.
Re6 Rd7 46. f6 Rf7 47. Ke4 Ba3 48. Kf5 {Black resigns} 1-0

[Event "ICC tourney 3160 (40 10)"]
[Site "Internet Chess Club"]
[Date "2023.04.01"]
[Round "3"]
[White "BHOSALE, ARNAV:avbhosale"]
[Black "TJIPTO, GAVIN:akudakudaku"]
[Result "0-1"]
[ICCResult "White checkmated"]
[WhiteElo "1315"]
[BlackElo "1362"]
[Opening "Giuoco Piano: Anderssen variation"]
[ECO "C54"]
[NIC "IG.02"]
[Time "15:30:04"]
[PlyCount "40"]
[TimeControl "2400+10"]

1. e4 e5 2. Nf3 Nc6 3. Bc4 Bc5 4. c3 Nf6 5. d4 exd4 6. e5 d5 7. Bb5 Ne4 8.
cxd4 Bb4+ 9. Bd2 Nxd2 10. Nbxd2 O-O 11. h3 Re8 12. O-O Re6 13. Qa4 Bxd2 14.
Bxc6 Rxc6 15. Nxd2 Rg6 16. Qb3 Qg5 17. Qxd5 Bxh3 18. Kh2 Bxg2 19. Qxb7 Bxb7
20. Nf3 Qg2# {White checkmated} 0-1

[Event "ICC tourney 3160 (40 10)"]
[Site "Internet Chess Club"]
[Date "2023.04.01"]
[Round "3"]
[White "Chiappetta, Graydon:loopy"]
[Black "THAPER, RISHUBH:MajorKey"]
[Result "0-1"]
[ICCResult "White checkmated"]
[WhiteElo "760"]
[BlackElo "1420"]
[Opening "Caro-Kann defense"]
[ECO "B10"]
[NIC "CK.01"]
[Time "15:30:05"]
[PlyCount "72"]
[TimeControl "2400+10"]

1. e4 c6 2. Nf3 d5 3. e5 Bg4 4. Be2 e6 5. O-O c5 6. c3 a6 7. d4 Nc6 8. Be3
cxd4 9. cxd4 Nge7 10. Nc3 Nf5 11. Bf4 Bxf3 12. Bxf3 Nfxd4 13. Bg4 h5 14.
Bxh5 Qh4 15. Bxf7+ Kxf7 16. Bg3 Qh5 17. f4 Bb4 18. Na4 Ne2+ 19. Kf2 Nxg3 20.
Qxh5+ Nxh5 21. f5 Nxe5 22. fxe6+ Kxe6 23. Ke2 g5 24. Nb6 Raf8 25. Rad1 Nf4+
26. Rxf4 Rxf4 27. Nxd5 Re4+ 28. Kf1 Rf8+ 29. Kg1 Bc5+ 30. Kh1 Rd4 31. Nc7+
Kd7 32. Rc1 Nd3 33. h3 Nxc1 34. Ne6 Rd1+ 35. Kh2 Bd6+ 36. g3 Rf2#
{White checkmated}
0-1

[Event "ICC tourney 3160 (40 10)"]
[Site "Internet Chess Club"]
[Date "2023.04.01"]
[Round "3"]
[White "Li, Marissa:meichen"]
[Black "Merkh, Daniel:danielmerkh"]
[Result "1-0"]
[ICCResult "Black resigns"]
[WhiteElo "932"]
[BlackElo "924"]
[Opening "Sicilian: accelerated fianchetto, modern variation"]
[ECO "B34"]
[NIC "SI.43"]
[Time "15:30:05"]
[PlyCount "119"]
[TimeControl "2400+10"]

1. e4 c5 2. Nf3 g6 3. Nc3 Nc6 4. d4 cxd4 5. Nxd4 Bg7 6. Nxc6 bxc6 7. Bd2 Nf6
8. Be3 O-O 9. Qd2 Ng4 10. Bf4 e5 11. Bg5 Bf6 12. Bxf6 Qxf6 13. f3 d5 14.
fxg4 d4 15. Ne2 Bxg4 16. O-O-O Qe6 17. Kb1 c5 18. h4 h5 19. Qg5 c4 20. Nxd4
Qd7 21. Be2 Bxe2 22. Nxe2 Qg4 23. Qxg4 hxg4 24. h5 g5 25. Ng3 Kh7 26. h6
Rad8 27. Nf5 c3 28. b3 a5 29. Rd3 Rxd3 30. cxd3 Rc8 31. Kc2 f6 32. d4 Re8
33. Kxc3 exd4+ 34. Kxd4 Rd8+ 35. Ke3 Rc8 36. Rd1 Rc3+ 37. Rd3 Rc7 38. a3 Ra7
39. b4 axb4 40. axb4 Ra4 41. Rd7+ Kh8 42. Rg7 Rxb4 43. Rg6 Rb3+ 44. Kf2 Rb2+
45. Kg3 Re2 46. Rxf6 Rxe4 47. Rg6 Rf4 48. Rxg5 Ra4 49. Rxg4 Rxg4+ 50. Kxg4
Kh7 51. Kh5 Kh8 52. g4 Kh7 53. g5 Kh8 54. g6 Kg8 55. h7+ Kh8 56. Ne7 Kg7 57.
Nc6 Kh8 58. Ne5 Kg7 59. Kg5 Kh8 60. Nf7+ {Black resigns} 1-0

[Event "ICC tourney 3160 (40 10)"]
[Site "Internet Chess Club"]
[Date "2023.04.01"]
[Round "3"]
[White "LIN, CARL:K01-17110834"]
[Black "Yellemraju, Koushya:KoushyaYChess"]
[Result "1-0"]
[ICCResult "Black checkmated"]
[WhiteElo "1228"]
[BlackElo "871"]
[Opening "French: exchange variation"]
[ECO "C01"]
[NIC "FR.01"]
[Time "15:30:06"]
[PlyCount "99"]
[TimeControl "2400+10"]

1. e4 e6 2. d4 d5 3. exd5 exd5 4. Nc3 Nf6 5. Bf4 Nc6 6. Nf3 Bb4 7. Bd2 O-O
8. Be2 Re8 9. O-O Qe7 10. Bb5 Bxc3 11. Bxc3 Bd7 12. Re1 Qd8 13. Bd3 a6 14.
Qd2 Bg4 15. Qf4 Qd7 16. h3 Bxf3 17. Qxf3 Qd6 18. a3 Rad8 19. Rad1 h6 20. Be2
Ne4 21. Qd3 Nf6 22. Bf3 Re6 23. Rxe6 Qxe6 24. Re1 Qd6 25. Re3 Re8 26. Qe2
Rxe3 27. Qxe3 Qd7 28. Bd2 Qf5 29. c3 Ne4 30. Bxe4 dxe4 31. Qf4 Qd7 32. Qxe4
b6 33. Kf1 Na5 34. Qa8+ Kh7 35. Qxa6 Nc4 36. Qxc4 f6 37. Qd3+ Kg8 38. b3 Qd5
39. c4 Qd6 40. Bb4 c5 41. Bc3 cxd4 42. Qxd4 Qxa3 43. Qxb6 Qc1+ 44. Be1 Qxc4+
45. bxc4 Kf7 46. c5 Ke8 47. c6 Ke7 48. c7 Kf7 49. c8=Q Ke7 50. Qbe6#
{Black checkmated}
1-0

[Event "ICC tourney 3160 (40 10)"]
[Site "Internet Chess Club"]
[Date "2023.04.01"]
[Round "3"]
[White "yacob, bishoy:bishoy3297"]
[Black "STONE, GILBERT L:tightfist"]
[Result "1-0"]
[ICCResult "Black checkmated"]
[WhiteElo "1034"]
[BlackElo "1400"]
[Opening "Catalan opening"]
[ECO "E00"]
[NIC "CA.01"]
[Time "15:31:15"]
[PlyCount "113"]
[TimeControl "2400+10"]

1. d4 Nf6 2. c4 e6 3. g3 d5 4. Nc3 c5 5. cxd5 cxd4 6. Qxd4 exd5 7. Bg2 Nc6
8. Qa4 Be7 9. e3 O-O 10. Nge2 Be6 11. O-O Qb6 12. Rd1 Rad8 13. Nf4 d4 14.
Nb5 dxe3 15. Bxe3 Bc5 16. Bxc5 Qxc5 17. Bxc6 bxc6 18. Nxe6 Rxd1+ 19. Rxd1
fxe6 20. Nd4 Qd6 21. Qxc6 Qxc6 22. Nxc6 a6 23. f4 Nd5 24. Nd4 Kf7 25. Re1
Re8 26. Kf2 g6 27. Rc1 e5 28. Rc5 exd4 29. Rxd5 Rb8 30. b3 Rb4 31. Rd7+ Kg8
32. Ra7 Rb6 33. Rd7 Rb4 34. Ke2 h6 35. Kd3 g5 36. Rxd4 Rxd4+ 37. Kxd4 gxf4
38. gxf4 Kf7 39. Ke5 a5 40. a3 Ke7 41. h3 Kf7 42. Kf5 Kg7 43. Ke6 h5 44. f5
h4 45. Ke7 Kh6 46. f6 Kg5 47. f7 Kf4 48. f8=Q+ Kg3 49. Qf5 Kh2 50. Qg4 a4
51. bxa4 Kh1 52. a5 Kh2 53. a6 Kh1 54. a7 Kh2 55. a4 Kh1 56. a8=Q+ Kh2 57.
Qag2# {Black checkmated} 1-0

[Event "ICC tourney 3160 (40 10)"]
[Site "Internet Chess Club"]
[Date "2023.04.01"]
[Round "4"]
[White "Yellemraju, Koushya:KoushyaYChess"]
[Black "yacob, bishoy:bishoy3297"]
[Result "0-1"]
[ICCResult "White checkmated"]
[WhiteElo "871"]
[BlackElo "1034"]
[Opening "Queen's pawn: London system"]
[ECO "A45"]
[NIC "QP.07"]
[Time "17:46:29"]
[PlyCount "100"]
[TimeControl "2400+10"]

1. d4 Nf6 2. Bf4 g6 3. h4 d6 4. h5 Nxh5 5. Bd2 Bg7 6. g4 Nf6 7. g5 Ne4 8.
Nc3 Bxd4 9. Nxe4 Bxb2 10. Rb1 Bg7 11. Bc3 e5 12. f4 Rg8 13. fxe5 Bf5 14.
Nf6+ Bxf6 15. exf6 Qc8 16. Rxh7 Nc6 17. Qd5 Be6 18. Qh1 Bxa2 19. Rh8 Kd7 20.
Bh3+ Be6 21. Bxe6+ Kxe6 22. Qe4+ Ne5 23. Rxg8 Qxg8 24. Bxe5 dxe5 25. Qxb7
Qd8 26. Qc6+ Kf5 27. Rb5 Rb8 28. Qc5 Rxb5 29. Qxb5 Qd4 30. Qd3+ Qxd3 31.
exd3 Kxg5 32. Nf3+ Kxf6 33. Kd2 Kf5 34. Kc3 Kf4 35. Nd2 g5 36. d4 exd4+ 37.
Kxd4 g4 38. Ne4 f5 39. c4 fxe4 40. c5 g3 41. Kd5 g2 42. Kc6 g1=Q 43. Kxc7
Qxc5+ 44. Kd7 a5 45. Ke6 a4 46. Kf6 a3 47. Kg6 a2 48. Kh6 a1=R 49. Kh7 Rg1
50. Kh8 Qh5# {White checkmated} 0-1

[Event "ICC tourney 3160 (40 10)"]
[Site "Internet Chess Club"]
[Date "2023.04.01"]
[Round "4"]
[White "Chiappetta, Graydon:loopy"]
[Black "Anderson, Brian L.:BrianTN"]
[Result "1-0"]
[ICCResult "Black checkmated"]
[WhiteElo "760"]
[BlackElo "801"]
[Opening "French defense"]
[ECO "C00"]
[NIC "FR.01"]
[Time "17:46:51"]
[PlyCount "79"]
[TimeControl "2400+10"]

1. e4 e6 2. Nf3 d5 3. e5 c5 4. Be2 c4 5. c3 Nc6 6. d4 cxd3 7. Bxd3 Nge7 8.
O-O Nf5 9. Bg5 Be7 10. Bf4 O-O 11. b4 d4 12. cxd4 Ncxd4 13. Nxd4 Nxd4 14. b5
Bd7 15. a4 Bg5 16. Bxg5 Qxg5 17. Bxh7+ Kxh7 18. Qxd4 Rfd8 19. h4 Qe7 20. Qf4
Kg8 21. Nd2 f6 22. Nf3 Be8 23. exf6 Qxf6 24. Qg4 Qf5 25. Qg3 Bh5 26. Ng5 Rd3
27. Qc7 Rf8 28. Rae1 Bf7 29. Qxb7 e5 30. Qe4 Qxe4 31. Rxe4 Rfd8 32. Rxe5 Rd1
33. Rxd1 Rxd1+ 34. Kh2 g6 35. Re7 Bb3 36. Rxa7 Ra1 37. Ra8+ Kg7 38. Ra7+ Kh6
39. b6 Bd5 40. Rh7# {Black checkmated} 1-0

[Event "ICC tourney 3160 (40 10)"]
[Site "Internet Chess Club"]
[Date "2023.04.01"]
[Round "4"]
[White "TJIPTO, GAVIN:akudakudaku"]
[Black "LIN, CARL:K01-17110834"]
[Result "1-0"]
[ICCResult "Black checkmated"]
[WhiteElo "1362"]
[BlackElo "1228"]
[Opening "Giuoco Piano: Greco's attack"]
[ECO "C54"]
[NIC "IG.02"]
[Time "17:46:22"]
[PlyCount "53"]
[TimeControl "2400+10"]

1. e4 e5 2. Nf3 Nc6 3. Bc4 Bc5 4. c3 Nf6 5. d4 exd4 6. cxd4 Bb4+ 7. Nc3
Bxc3+ 8. bxc3 Nxe4 9. Ba3 Ne7 10. O-O O-O 11. Re1 Nd6 12. Bd3 Ng6 13. Ne5 b6
14. Re3 Re8 15. Rh3 Qg5 16. Rg3 Qf6 17. Rf3 Qd8 18. Bxd6 cxd6 19. Nxf7 Qe7
20. Qb3 Qe6 21. Nxd6 Qxb3 22. axb3 Rf8 23. Bc4+ Kh8 24. Nf7+ Kg8 25. Ne5+
Kh8 26. Nxg6+ hxg6 27. Rh3# {Black checkmated} 1-0

[Event "ICC tourney 3160 (40 10)"]
[Site "Internet Chess Club"]
[Date "2023.04.01"]
[Round "4"]
[White "THAPER, RISHUBH:MajorKey"]
[Black "BHOSALE, ARNAV:avbhosale"]
[Result "0-1"]
[ICCResult "White resigns"]
[WhiteElo "1420"]
[BlackElo "1315"]
[Opening "Catalan: closed"]
[ECO "E01"]
[NIC "CA.01"]
[Time "17:46:21"]
[PlyCount "126"]
[TimeControl "2400+10"]

1. d4 Nf6 2. c4 e6 3. g3 d5 4. Bg2 c5 5. cxd5 Nxd5 6. Nc3 Nxc3 7. bxc3 cxd4
8. cxd4 Bb4+ 9. Bd2 Qxd4 10. Rc1 Qxd2+ 11. Qxd2 Bxd2+ 12. Kxd2 Nd7 13. Nf3
e5 14. Rc7 Rb8 15. Rhc1 O-O 16. Bh3 Nb6 17. Bxc8 Rfxc8 18. Nxe5 Rd8+ 19. Ke1
f6 20. Nf7 Rd7 21. Rxd7 Nxd7 22. Rc7 Kxf7 23. Rxd7+ Kf8 24. Rc7 a5 25. a4 b5
26. axb5 Rxb5 27. Ra7 Rb1+ 28. Kd2 Rh1 29. h4 Ra1 30. Kc3 a4 31. Kb4 Re1 32.
Rxa4 Rxe2 33. f3 Rg2 34. g4 Rh2 35. h5 g6 36. Ra8+ Kg7 37. Ra7+ Kh6 38. hxg6
hxg6 39. Rf7 Kg5 40. f4+ Kxf4 41. Rxf6+ Kg5 42. Re6 Rh4 43. Kc3 Rxg4 44. Kd2
Kh4 45. Ke2 g5 46. Kf2 Rf4+ 47. Kg2 Kg4 48. Re5 Rd4 49. Rc5 Rd2+ 50. Kg1 Kh4
51. Rc8 Kg3 52. Rc3+ Kh4 53. Rc8 g4 54. Rh8+ Kg3 55. Kf1 Rh2 56. Rg8 Rh4 57.
Kg1 Kh3 58. Kf2 Rh6 59. Rg7 Rf6+ 60. Kg1 Kg3 61. Rg8 Kf3 62. Kh2 Kf2 63. Rh8
g3+ {White resigns} 0-1

[Event "ICC tourney 3160 (40 10)"]
[Site "Internet Chess Club"]
[Date "2023.04.01"]
[Round "5"]
[White "THAPER, RISHUBH:MajorKey"]
[Black "TJIPTO, GAVIN:akudakudaku"]
[Result "0-1"]
[ICCResult "White resigns"]
[WhiteElo "1420"]
[BlackElo "1362"]
[Opening "QGD Slav: exchange variation, 6.Bf4 Bf5"]
[ECO "D14"]
[NIC "SL.01"]
[Time "20:01:20"]
[PlyCount "56"]
[TimeControl "2400+10"]

1. d4 d5 2. c4 c6 3. cxd5 cxd5 4. Nc3 Nf6 5. Nf3 Nc6 6. Bf4 Bf5 7. e3 e6 8.
Bb5 Rc8 9. Ne5 Bb4 10. Qa4 Bxc3+ 11. bxc3 O-O 12. Bxc6 bxc6 13. Nxc6 Qd7 14.
Qxa7 Qxc6 15. Rc1 Bd3 16. Be5 Ra8 17. Qe7 Rfe8 18. Qb4 Nd7 19. Rd1 Nxe5 20.
dxe5 Bc4 21. e4 Rxa2 22. exd5 exd5 23. Rd2 Rxe5+ 24. Kd1 Rxd2+ 25. Kxd2 Qh6+
26. Kc2 Re2+ 27. Kb1 Bd3+ 28. Ka1 Qa6+ {White resigns} 0-1

[Event "ICC tourney 3160 (40 10)"]
[Site "Internet Chess Club"]
[Date "2023.04.01"]
[Round "5"]
[White "Anderson, Brian L.:BrianTN"]
[Black "Yellemraju, Koushya:KoushyaYChess"]
[Result "0-1"]
[ICCResult "White resigns"]
[WhiteElo "801"]
[BlackElo "871"]
[Opening "French defense"]
[ECO "C00"]
[NIC "FR.01"]
[Time "20:00:36"]
[PlyCount "56"]
[TimeControl "2400+10"]

1. e4 e6 2. Nf3 d5 3. exd5 exd5 4. d4 Nf6 5. Qe2+ Be7 6. Bg5 O-O 7. Nc3 Re8
8. O-O-O Bb4 9. Qb5 Bxc3 10. bxc3 Nc6 11. Bd3 a6 12. Qc5 Be6 13. Ne5 Nxe5
14. dxe5 Nd7 15. Bxd8 Nxc5 16. Bxc7 Nxd3+ 17. cxd3 Rac8 18. Ba5 Bf5 19. d4
Be4 20. f3 Bg6 21. g4 Rc4 22. f4 Be4 23. Rhg1 Rec8 24. Kd2 Ra4 25. Bb4 Rxa2+
26. Ke3 a5 27. Bc5 b6 28. Bxb6 Rxc3+ {White resigns} 0-1

[Event "ICC tourney 3160 (40 10)"]
[Site "Internet Chess Club"]
[Date "2023.04.01"]
[Round "5"]
[White "Li, Marissa:meichen"]
[Black "Chiappetta, Graydon:loopy"]
[Result "0-1"]
[ICCResult "White checkmated"]
[WhiteElo "932"]
[BlackElo "760"]
[Opening "Hungarian defense"]
[ECO "C50"]
[NIC "IG.03"]
[Time "20:00:34"]
[PlyCount "160"]
[TimeControl "2400+10"]

1. e4 e5 2. Nf3 Nc6 3. Bc4 Be7 4. d3 Nf6 5. Nc3 O-O 6. Be3 d6 7. O-O Ng4 8.
Qd2 a6 9. a3 b5 10. Ba2 Bd7 11. h3 Nf6 12. d4 exd4 13. Nxd4 Na5 14. b4 Nc4
15. Bxc4 bxc4 16. Qe2 c5 17. bxc5 dxc5 18. Nf3 Be6 19. Rab1 Qc8 20. Rfd1 Qc6
21. Bf4 Nh5 22. Bg5 Bf6 23. Bxf6 Nxf6 24. Ne5 Qc8 25. Nxc4 Bxh3 26. Nb6 Qg4
27. Qxg4 Bxg4 28. Nxa8 Bxd1 29. Rxd1 Rxa8 30. f3 g6 31. g4 Ra7 32. Na4 Nd7
33. Rd5 Rc7 34. Kf2 Kf8 35. Ke3 Ke7 36. Kd3 c4+ 37. Kd4 Nf6 38. Rc5 Rd7+ 39.
Kxc4 Rd2 40. Kb3 Nd7 41. Rd5 Rf2 42. Rd3 Ne5 43. Re3 Nxf3 44. Rd3 Nd2+ 45.
Kb2 Nxe4 46. Re3 Rf4 47. Nc5 f5 48. gxf5 gxf5 49. Nxa6 Kf6 50. c4 Nd2 51.
Rc3 Nxc4+ 52. Kb3 Nd2+ 53. Kc2 Nf1 54. Nc7 Rf2+ 55. Kb3 h5 56. Nd5+ Kg5 57.
a4 Nd2+ 58. Kb4 Ne4 59. Rh3 Kg4 60. Rd3 h4 61. Ne3+ Kf4 62. Nd5+ Kg5 63. a5
Rb2+ 64. Ka3 Rb1 65. Rf3 Ra1+ 66. Kb4 Rb1+ 67. Ka3 Nd2 68. Rc3 Rb8 69. Ka4
f4 70. a6 Ra8 71. Nc7 Ra7 72. Kb5 Ne4 73. Kb6 Rxa6+ 74. Kxa6 Nxc3 75. Ne6+
Kg4 76. Nd4 h3 77. Ne6 f3 78. Nd4 f2 79. Nc2 f1=Q+ 80. Ka5 Qb5#
{White checkmated}
0-1

[Event "ICC tourney 3160 (40 10)"]
[Site "Internet Chess Club"]
[Date "2023.04.01"]
[Round "5"]
[White "LIN, CARL:K01-17110834"]
[Black "STONE, GILBERT L:tightfist"]
[Result "1-0"]
[ICCResult "Black resigns"]
[WhiteElo "1228"]
[BlackElo "1400"]
[Opening "French: exchange variation"]
[ECO "C01"]
[NIC "FR.01"]
[Time "20:01:37"]
[PlyCount "55"]
[TimeControl "2400+10"]

1. e4 e6 2. d4 d5 3. exd5 exd5 4. Nc3 Nf6 5. Nf3 Be7 6. Bd3 O-O 7. O-O c5 8.
dxc5 Bxc5 9. Bg5 Be7 10. Bxf6 Bxf6 11. Nxd5 Bxb2 12. Rb1 Ba3 13. Nc3 Nc6 14.
h3 Rb8 15. Be4 Be6 16. Bxc6 bxc6 17. Ne5 Qc7 18. Nd3 Rfd8 19. Qf3 h6 20.
Rfe1 Qa5 21. Rxb8 Rxb8 22. Nd1 Bd5 23. Qf4 Rf8 24. Qe5 Bxa2 25. Qxa5 Bb1 26.
Qxa3 Bxc2 27. Nb4 Bg6 28. Qxa7 {Black resigns} 1-0